 Dungeon Crawl Stone Soup version 0.20.1-1-g8b1a95d (console) character file.

684 rafael the Insei (level 7, -6/52 HPs)
             Began as a Demonspawn Abyssal Knight on Aug 29, 2017.
             Was a Believer of Lugonu.
             Mangled by a river rat (7 damage)
             ... on level 5 of the Dungeon.
             The game lasted 00:06:06 (2586 turns).

rafael the Insei (Demonspawn Abyssal Knight)        Turns: 2586, Time: 00:06:07

Health: -6/52      AC:  5    Str: 12    XL:     7   Next: 35%
Magic:  8/8        EV: 17    Int: 15    God:    Lugonu [**....]
Gold:   292        SH:  0    Dex: 13    Spells: 6/6 levels left

rFire    . . .     SeeInvis .   k - +2 dagger (venom)
rCold    . . .     Gourm    .   (no shield)
rNeg     . . .     Faith    .   a - +0 leather armour
rPois    .         Spirit   .   (no helmet)
rElec    .         Reflect  .   (no cloak)
rCorr    .         Harm     .   (no gloves)
MR       .....                  (no boots)
Stlth    +.........             (no amulet)
Regen    0.2/turn               e - +6 ring of evasion
MPRegen  0.2/turn               (no ring)

@: no status effects
A: iridescent scales 1, rot immunity
a: Depart the Abyss, Bend Space, Renounce Religion


You were on level 5 of the Dungeon.
You worshipped Lugonu.
Lugonu was pleased with you.
You were hungry.

You visited 1 branch of the dungeon, and saw 5 of its levels.
You visited the Abyss 1 time.

You collected 292 gold pieces.

Inventory:

Hand Weapons
 k - a +2 dagger of venom (weapon)
 t - a +0 blowgun
Missiles
 j - 21 poisoned needles
 p - 10 tomahawks (quivered)
Armour
 a - a +0 leather armour (worn)
Jewellery
 e - a +6 ring of evasion (left hand)
 m - an uncursed ring of fire
Scrolls
 c - 2 scrolls of amnesia {unknown}
 d - 3 scrolls of teleportation {unknown}
 f - 3 scrolls of identify {unknown}
 g - 2 scrolls of enchant weapon {unknown}
 h - a scroll of random uselessness {unknown}
 l - a scroll of magic mapping {unknown}
 n - 2 scrolls of fear {unknown}
 o - a scroll of recharging {unknown}
 s - 3 scrolls of remove curse {unknown}
 w - a scroll of blinking {unknown}
Potions
 q - 2 potions of curing
 r - a potion of haste {unknown}
 u - a potion of berserk rage {unknown}
 v - a potion of magic {unknown}
Comestibles
 b - a bread ration
 i - 4 royal jellies
 x - a meat ration


   Skills:
 - Level 3.0 Fighting
 - Level 1.7 Armour
 - Level 0.8 Dodging
 + Level 7.6 Unarmed Combat
 - Level 2.4 Invocations


You had 6 spell levels left.
You didn't know any spells.

Dungeon Overview and Level Annotations

Branches:
Dungeon (5/15)
 Temple: D:4-7

Altars:
Ashenzari
Elyvilon
Gozag
Nemelex Xobeh
Qazlal
Ru
Sif Muna
Trog
Uskayaw


Innate Abilities, Weirdness & Mutations

You are partially covered in iridescent scales. (AC +2)
You are immune to rotting.


Message History

The adder is heavily wounded.
The river rat closely misses you. The adder completely misses you.
The orc barely misses you. The orc hits you with a mace.
* * * LOW HITPOINT WARNING * * *
You are too injured to fight recklessly!
You barely miss the adder.
The adder is heavily wounded.
The adder barely misses you. The river rat closely misses you.
The orc closely misses you. The orc hits you with a mace.
* * * LOW HITPOINT WARNING * * *
You are too injured to fight recklessly!
You hit the adder but do no damage.
The adder looks even sicker.
Your punch misses the adder.
The adder is heavily wounded.
The adder bites you.
* * * LOW HITPOINT WARNING * * *
The river rat bites you.
* * * LOW HITPOINT WARNING * * *
The river rat bites you!
You die...

#......#.......#
........#.......#
......<.#.......##
.................#
##..)....#######.##
#.(....... ###..#
#(######### #....#
#? #.r..# #≈o@.#


#roSr# #≈≈≈≈o.# #≈#≈...# #≈≈≈...# #≈#..%.# #≈≈≈...# #≈≈....# You could see an
adder, 2 river rats, 3 orcs and a rat.

Vanquished Creatures
  The ghost of BGT the Digger, an amateur GrEE (D:3)
  An orc warrior (D:4)
  2 ogres (D:5)
  A hound (D:4)
  An orc priest (D:4)
  3 orc wizards
  A worker ant (D:4)
  The ghost of rafael the Skirmisher, a weakling DsAK of Lugonu (D:4)
  5 adders
  2 worms
  2 dart slugs
  12 orcs (D:3)
  7 bats
  2 giant cockroaches (D:3)
  11 hobgoblins
  3 jackals (D:1)
  6 kobolds
  3 quokkas
  4 frilled lizards
  6 goblins
  7 rats
81 creatures vanquished.

Vanquished Creatures (others)
  4 toadstools (D:1)
4 creatures vanquished.

Grand Total: 85 creatures vanquished

Notes
Turn   | Place    | Note
-------+----------+-------------------------------------------
     0 | Abyss:1  | rafael the Demonspawn Abyssal Knight began the quest for the Orb.
     0 | Abyss:1  | Reached XP level 1. HP: 18/18 MP: 2/2
    44 | Abyss:1  | Noticed a ynoxinul
    50 | Abyss:1  | Noticed a small abomination
    51 | D:1      | Escaped the Abyss
    84 | D:1      | Reached skill level 2 in Unarmed Combat
   150 | D:1      | Reached * piety under Lugonu
   164 | D:1      | Gained mutation: You are partially covered in iridescent scales. (AC +2) [demonic ancestry]
   164 | D:1      | Reached XP level 2. HP: 6/24 MP: 3/3
   465 | D:1      | Reached skill level 3 in Unarmed Combat
   621 | D:1      | Reached XP level 3. HP: 15/29 MP: 4/4
  1184 | D:2      | Found a white marble altar of Elyvilon.
  1186 | D:2      | Found a deep blue altar of Sif Muna.
  1289 | D:2      | Found a sparkling altar of Nemelex Xobeh.
  1303 | D:2      | Found a shattered altar of Ashenzari.
  1307 | D:2      | Found a bloodstained altar of Trog.
  1310 | D:2      | Found an opulent altar of Gozag.
  1411 | D:3      | Noticed BGT's ghost (amateur GrEE)
  1426 | D:3      | Killed BGT's ghost
  1426 | D:3      | Reached skill level 4 in Unarmed Combat
  1426 | D:3      | Reached XP level 4. HP: 35/35 MP: 5/5
  1426 | D:3      | Reached XP level 5. HP: 41/41 MP: 6/6
  1454 | D:3      | Reached skill level 5 in Unarmed Combat
  1722 | D:3      | Found a sacrificial altar of Ru.
  1792 | D:3      | Reached XP level 6. HP: 20/47 MP: 7/7
  1813 | D:3      | Reached ** piety under Lugonu
  1969 | D:3      | Found a stormy altar of Qazlal.
  2283 | D:4      | Reached skill level 6 in Unarmed Combat
  2351 | D:4      | Noticed rafael's ghost (weakling DsAK)
  2352 | D:4      | Noticed an orc warrior
  2356 | D:4      | Killed rafael's ghost
  2364 | D:4      | Killed an orc warrior
  2367 | D:4      | Noticed a dagger
  2368 | D:4      | Noticed a hand axe
  2368 | D:4      | Found a hide-covered altar of Uskayaw.
  2464 | D:4      | Reached skill level 7 in Unarmed Combat
  2464 | D:4      | Gained mutation: You are immune to rotting. [demonic ancestry]
  2464 | D:4      | Reached XP level 7. HP: 38/52 MP: 8/8
  2475 | D:5      | Entered Level 5 of the Dungeon
  2586 | D:5      | HP: 1/52 [river rat (3)]
  2586 | D:5      | Mangled by a river rat

Skill      XL: |  1  2  3  4  5  6 |
---------------+-------------------+-----
Unarmed Combat | 2 3 4 5 7 |  7.6
Fighting       | |  3.0
Armour         | |  1.7
Dodging        | |  0.8
Invocations    | |  2.4

Action                   |  1- 3 |  4- 6 |  7- 9 || total
-------------------------+-------+-------+-------++-------
Melee: Unarmed           |   184 |       |       ||   184
       Punch             |     4 |     3 |     1 ||     8
       Dagger            |    13 |   158 |    27 ||   198
Throw: Tomahawk          |     3 |       |       ||     3
Invok: Depart the Abyss  |     1 |       |       ||     1
  Use: Potion            |     3 |     1 |       ||     4
 Stab: Sleeping          |     1 |       |       ||     1
  Eat: Chunk             |     2 |     3 |       ||     5
Armor: Leather armour    |    33 |    22 |     3 ||    58
       Skin              |    11 |       |       ||    11
Dodge: Dodged            |   139 |   100 |    22 ||   261
